 Dungeon Crawl Stone Soup version 0.27-a0-1272-g7c8ad2e407 (webtiles) character file.

Game seed: 18161451231018426803

151 Delamore the Poker (level 5, -3/43 HPs)
             Began as a Formicid Fighter on June 10, 2021.
             Was a Believer of Zin.
             Slain by a thrashing horror (7 damage)
             ... on level 1 of the Abyss.
             The game lasted 00:03:55 (2801 turns).

Delamore the Poker (Formicid Fighter)               Turns: 2801, Time: 00:03:56

Health: -3/43      AC:  9    Str: 22    XL:     5   Next: 59%
Magic:  5/5        EV:  8    Int: 15    God:    Zin [**....]
Gold:   188        SH: 10    Dex: 11    Spells: 4/4 levels left

rFire    . . .     SeeInvis +   a - +0 trident
rCold    + . .     Faith    .   c - +1 kite shield
rNeg     . . .     Spirit   .   j - +0 scale mail {rC+}
rPois    ∞         Reflect  .   (helmet unavailable)
rElec    .         Harm     .   e - +0 cloak
rCorr    .         Rampage  .   k - +0 pair of gloves
Will     .....                  (no boots)
Stlth    ..........             g - amulet of magic regeneration
HPRegen  0.14/turn              m - +6 ring of intelligence
MPRegen  0.34/turn              (no ring)

@: vitalised
A: permanent stasis, dig shafts and tunnels, antennae 3, four strong arms
a: Dig, Shaft Self, Renounce Religion, Recite, Vitalisation, Donate Gold


You were on level 1 of the Abyss.
You worshipped Zin.
Zin was pleased with you.
You visited 1 branch of the dungeon, and saw 4 of its levels.
You visited the Abyss 1 time.

You collected 208 gold pieces.
You donated 20 gold pieces to Zin.

Inventory:

Hand Weapons
 a - a +0 trident (weapon)
Missiles
 f - 8 poisoned darts (quivered)
Armour
 b - a +0 scale mail
 c - a +1 kite shield (worn)
 e - a +0 cloak (worn)
 j - a +0 scale mail of cold resistance (worn)
 k - a +0 pair of gloves (worn)
Jewellery
 g - an amulet of magic regeneration (around neck)
 m - a +6 ring of intelligence (left hand)
Scrolls
 i - 5 scrolls of immolation
 n - a scroll of identify
Potions
 d - 2 potions of might
 h - a potion of curing
 l - a potion of flight
 o - a potion of magic {unknown}


   Skills:
 + Level 4.5 Fighting
 * Level 4.5 Polearms
 - Level 3.2 Armour
 - Level 3.6 Shields


You had 4 spell levels left.
You didn't know any spells.
Your spell library was empty.

Dungeon Overview and Level Annotations

Branches:
Dungeon (4/15)
 Temple: D:4-7

Altars:
Ashenzari
Yredelemnul
Zin

Shops:
D:2 *


Innate Abilities, Weirdness & Mutations

You cannot be hasted, slowed, berserked, paralysed or teleported.
You can dig through walls and to a lower floor.
You have a pair of large antennae on your head. (SInv)
Your four strong arms can wield two-handed weapons with a shield.


Message History

A manticore zombie comes into view.
Found a gateway leading deeper into the Abyss.
The thrashing horror tramples you.
* * * LOW HITPOINT WARNING * * *
You stumble backwards!
The thrashing horror roars!
You hear a chilling moan.
The thrashing horror tramples you but does no damage.
You block the thrashing horror's attack.
A small abomination comes into view.
You block the thrashing horror's attack.
The thrashing horror tramples you but does no damage.
There is a gateway leading deeper into the Abyss here.
The thrashing horror roars!
The thrashing horror tramples you but does no damage. x2
The thrashing horror roars!
The thrashing horror tramples you but does no damage.
The thrashing horror barely misses you.
The thrashing horror roars!
The thrashing horror tramples you but does no damage. x2
The thrashing horror tramples you.
* * * LOW HITPOINT WARNING * * *
You stumble backwards!
Okay, then.
The thrashing horror roars!
The thrashing horror closely misses you.
You block the thrashing horror's attack.
The thrashing horror roars!
You block the thrashing horror's attack.
The thrashing horror closely misses you.
You block the thrashing horror's attack.
The thrashing horror tramples you but does no damage.
The thrashing horror roars!
The thrashing horror barely misses you.
You block the thrashing horror's attack.
The thrashing horror tramples you.
* * * LOW HITPOINT WARNING * * *
You stumble backwards!
The thrashing horror roars!
You hear a shout!
The thrashing horror tramples you!
You die...

......... .... .........
...... #......# ......#
##......##......##
...................
................. ..
...................
.......@...............
........X...............
................... ....
##......##......##......
#......##......##......
.................. .. ..
.............x........ .
........................
..............Z........


You could see a thrashing horror and a small abomination.

Vanquished Creatures
  Robin (D:3)
  6 gnolls
  2 adders
  An adder skeleton (D:3)
  5 orcs
  3 bats
  3 endoplasms
  13 goblins
  5 hobgoblins
  2 jackals (D:2)
  5 ball pythons
  2 frilled lizards
  4 kobolds
  4 rats
  A spectral orc (D:3)
57 creatures vanquished.

Notes
Turn   | Place    | Note
-------+----------+-------------------------------------------
     0 | D:1      | Delamore the Formicid Fighter began the quest for the Orb.
     0 | D:1      | Reached XP level 1. HP: 18/18 MP: 1/1
   106 | D:1      | Found a faded altar of an unknown god.
   114 | D:1      | Became a worshipper of Zin the Law-Giver
   114 | D:1      | Reached * piety under Zin
   161 | D:1      | Reached XP level 2. HP: 10/24 MP: 2/2
   697 | D:2      | Reached XP level 3. HP: 20/30 MP: 3/3
   867 | D:2      | Found Rotrew's Assorted Antiques.
  1228 | D:2      | Reached XP level 4. HP: 25/37 MP: 4/4
  1914 | D:3      | Reached XP level 5. HP: 33/42 MP: 5/5
  2149 | D:3      | Noticed Robin
  2164 | D:3      | Killed Robin
  2239 | D:3      | Found a broken altar of Ashenzari.
  2500 | D:3      | Found a basalt altar of Yredelemnul.
  2681 | D:4      | Cast into level 1 of the Abyss (orc)
  2739 | Abyss:1  | Reached ** piety under Zin
  2751 | Abyss:1  | Noticed a large abomination
  2755 | Abyss:1  | Noticed a smoke demon
  2761 | Abyss:1  | Noticed a thrashing horror
  2768 | Abyss:1  | Noticed a large abomination
  2785 | Abyss:1  | Noticed a tentacled starspawn
  2801 | Abyss:1  | Slain by a thrashing horror

Illustrated notes

Levels and vault maps discovered:
D:1:      minmay_arrival_solitary_statue, layout_rooms,
          hellmonk_ecumenical_altar_slurped_away, grunt_decor_one_mirror
D:2:      layout_basic, serial_shops, shop_statue, st_stairs_4
D:3:      layout_rooms, yredelemnul_forgotten_temple_becter,
          nicolae_ashenzari_skybound, grunt_ministairs_15, uniq_robin
D:4:      layout_basic, minmay_temple_entry_tees, wad_floor_pattern_untrapped,
          minmay_box_of_dots, uniq_ijyb
Abyss:1:  base:
D:4

Skill      XL: |  1  2  3  4 |
---------------+-------------+-----
Polearms       | 3 4 |  4.5
Fighting       | 4 |  4.5
Armour         | |  3.2
Shields        | |  3.6

Action                   |  1- 3 |  4- 6 || total
-------------------------+-------+-------++-------
Melee: Trident           |    83 |   108 ||   191
Throw: Dart              |       |     3 ||     3
Invok: Recite            |       |     1 ||     1
       Vitalisation      |       |     1 ||     1
 Abil: Dig               |     1 |     5 ||     6
  Use: Scroll            |     3 |     4 ||     7
       Potion            |       |     3 ||     3
Armor: Scale mail        |    15 |    51 ||    66
Dodge: Dodged            |    24 |    38 ||    62
Block: Kite shield       |    32 |    73 ||   105

Table legend: (Time is in decaauts)
 A = Elapsed time spent in this place.
 B = Non-inter-level travel time spent in this place.
 C = Inter-level travel time spent in this place.
 D = Time resting spent in this place.
 E = Time spent auto-exploring this place.
 F = Levels seen in this place.
 G = Mean time per level.
                   A        B        C        D        E       F      G
               +--------+--------+--------+--------+--------+-----+--------+
         Total |   2860 |   2774 |     86 |    601 |   1597 |   5 |  572.0 |
       Dungeon |   2740 |   2654 |     86 |    567 |   1597 |   4 |  685.0 |
         Abyss |    120 |    120 |      0 |     34 |      0 |   1 |  120.0 |
               +--------+--------+--------+--------+--------+-----+--------+

Top non-repeatable levels by time:
     D:2: 1051 daAuts
     D:1: 880 daAuts
     D:3: 792 daAuts
 Abyss:1: 120 daAuts
     D:4: 16 daAuts
